 Dungeon Crawl Stone Soup version 0.29-a0-275-g389c0b56f3 (webtiles) character file.

Game seed: 8417627633942103827

7 Esekla the Sneak (level 2, -1/24 HPs)
             Began as a Barachi Delver on Mar 9, 2022.
             Slain by Pargi (3 damage)
             ... in a sewer.
             The game lasted 00:05:32 (1141 turns).

Esekla the Sneak (Barachi Delver)                   Turns: 1141, Time: 00:05:33

Health: -1/24      AC:  3    Str: 13    XL:     2   Next: 0%
Magic:  2/2        EV: 12    Int: 10    God:
Gold:   28         SH:  0    Dex: 13    Spells: 1/1 levels left

rFire   . . .      SeeInvis .   v - +1 short sword (venom)
rCold   . . .      Faith    .   (no shield)
rNeg    . . .      Spirit   .   b - +0 leather armour
rPois   .          Reflect  .   (no helmet)
rElec   .          Harm     .   (no cloak)
rCorr   .          Rampage  .   (no gloves)
Will    .....                   (no boots)
Stlth   ++........              (no amulet)
HPRegen 0.08/turn               (no ring)
MPRegen 0.08/turn               (no ring)

@: slow
A: amphibious, slowness 1, strong legs 1, +LOS
a: Hop


You were in a sewer.
You visited 1 branch of the dungeon, and saw 2 of its levels.
You also visited: Sewer.

You collected 28 gold pieces.

Inventory:

Hand Weapons
 a - a +0 falchion
 s - a +0 dagger
 v - a +1 short sword of venom (weapon)
Armour
 b - a +0 leather armour (worn)
Wands
 g - a wand of digging (3)
Scrolls
 c - 2 scrolls of fog
 d - 2 scrolls of magic mapping
 e - a scroll of fear
 h - 2 scrolls of identify {unknown}
 j - a scroll of brand weapon {unknown}
Potions
 f - a potion of haste
 i - 3 potions of heal wounds {unknown}
 k - a potion of mutation {unknown}


   Skills:
 * Level 3.6 Fighting
 * Level 2.9 Long Blades
 * Level 0.2 Armour
 + Level 2.1 Dodging
 - Level 4.5 Stealth
 * Level 0.4 Spellcasting
 * Level 0.1 Necromancy


You had one spell level left.
You didn't know any spells.
Your spell library contained the following spells:

 Spells                   Type           Power      Damage    Failure   Level
 Animate Skeleton         Necr           0%         N/A       41%         1
 Pain                     Necr           0%         1d4       41%         1
 Vampiric Draining        Necr           0%         2d6       78%         3


Dungeon Overview and Level Annotations

Branches:
Dungeon (5/15)              Sewer (1/1)
 Temple: D:4-7

Altars:

Annotations:
Sewer Pargi


Innate Abilities, Weirdness & Mutations

You are amphibious.
You cover ground slowly.
You can hop short distances.
You have an extended range of vision and can be seen from far away.


Message History

j - a scroll labelled WONURA VATIACK
There is an open door here.
Pargi barely misses you. Pargi closely misses you. Pargi barely misses you.
You barely miss Pargi. Pargi bites you but does no damage.
Pargi barely misses you. Pargi claws you.
You barely miss Pargi. Pargi bites you. Pargi claws you.
Pargi closely misses you.
You puncture Pargi!
Pargi is poisoned.
Pargi is moderately wounded.
Pargi closely misses you. Pargi claws you but does no damage. Pargi misses you.
You closely miss Pargi.
Pargi is lightly wounded.
Pargi bites you. Pargi barely misses you. Pargi misses you.
You closely miss Pargi.
Pargi is moderately wounded.
Pargi bites you. Pargi claws you.
* * * LOW HITPOINT WARNING * * *
Pargi barely misses you.
Pargi hisses, "I bite!"
Pargi pleads, "Don't hit me!"
Pargi snarls, "My home!
Leave!"
Pargi looks more healthy.
Pargi looks around nervously.
Pargi hisses, "I bite!"
Pargi hisses menacingly.
Pargi hisses menacingly.
Pargi hisses, "I bite!"
Pargi clenches his teeth.
Pargi bites you. Pargi claws you. x2
Pargi attacks as you move away! Pargi bites you. Pargi claws you.
* * * LOW HITPOINT WARNING * * *
Pargi claws you but does no damage.
Pargi snarls, "My home!
Leave!"
Pargi bites you.
* * * LOW HITPOINT WARNING * * *
Pargi claws you but does no damage. x2
Pargi bites you.
* * * LOW HITPOINT WARNING * * *
Pargi claws you.
You die...

####################
.##.##.##.##.##.##.#
.##)##.##.##.##.##.#
'##'##'##'##'##'##'#
...................########
≈≈≈≈≈≈≈≈≈.≈≈≈≈≈T@≈≈#≈≈≈≈≈≈≈
≈≈≈≈≈≈≈≈≈∩≈≈≈≈≈≈≈≈≈#≈≈≈≈≈≈≈
≈≈≈≈≈≈≈≈≈.≈≈≈≈≈≈≈≈≈#≈≈≈≈≈≈≈
...................########
†##'##'##.##'##'##'#
.##.##.##.##.##.##.#
.##.##[##∩##.##.##.#
####################


You could see Pargi.

Vanquished Creatures
  2 giant cockroaches (Sewer)
  3 kobolds (Sewer)
  A frilled lizard (Sewer)
6 creatures vanquished.

Notes
Turn   | Place    | Note
-------+----------+-------------------------------------------
     0 | D:5      | Esekla the Barachi Delver began the quest for the Orb.
     0 | D:5      | Reached XP level 1. HP: 18/18 MP: 1/1
    37 | D:5      | Noticed a jelly
    55 | D:4      | Noticed an iguana
    64 | D:4      | Found a glowing drain.
    69 | Sewer    | Entered a sewer
   290 | Sewer    | Noticed Pargi
   416 | Sewer    | Reached XP level 2. HP: 23/24 MP: 2/2
  1141 | Sewer    | Slain by Pargi

Illustrated notes

Levels and vault maps discovered:
D:4:      layout_rooms, portal_sewer_entry_d, uniq_edmund, uniq_sigmund
D:5:      layout_rooms, chequers_serial_rivers_micro_e, nicolae_wormholes
Sewer:    kennysheep_door_sewer

Action                   || total
-------------------------++-------
Melee: Falchion          ||    15
       Short sword       ||    13
       Dagger            ||     4
Throw: Dart              ||     3
 Abil: Hop               ||     1
 Stab: Sleeping          ||     4
Armor: Leather armour    ||    15
Dodge: Dodged            ||    37

Table legend: (Time is in decaauts)
 A = Elapsed time spent in this place.
 B = Non-inter-level travel time spent in this place.
 C = Inter-level travel time spent in this place.
 D = Time resting spent in this place.
 E = Time spent auto-exploring this place.
 F = Levels seen in this place.
 G = Mean time per level.
                   A        B        C        D        E       F      G
               +--------+--------+--------+--------+--------+-----+--------+
         Total |   1177 |   1177 |      0 |    228 |      0 |   3 |  392.3 |
       Dungeon |     80 |     80 |      0 |      0 |      0 |   2 |   40.0 |
         Sewer |   1097 |   1097 |      0 |    228 |      0 |   1 | 1097.0 |
               +--------+--------+--------+--------+--------+-----+--------+

Top non-repeatable levels by time:
   Sewer: 1097 daAuts
     D:5: 64 daAuts
     D:4: 15 daAuts
